 Dungeon Crawl Stone Soup version 0.22-a0-439-gac93bac (webtiles) character file.

1647 Borgoz the Ducker (level 9, -8/74 HPs)
             Began as a Ghoul Gladiator on May 29, 2018.
             Was an Initiate of Kikubaaqudgha.
             Killed from afar by an orc wizard (9 damage)
             ... with a magic dart
             ... on level 6 of the Dungeon.
             The game lasted 00:09:43 (5852 turns).

Borgoz the Ducker (Ghoul Gladiator)                 Turns: 5852, Time: 00:09:43

Health: -8/74      AC:  5    Str: 18    XL:     9   Next: 0%
Magic:  8/8        EV: 15    Int:  3    God:    Kikubaaqudgha [......]
Gold:   307        SH:  0    Dex: 13    Spells: 8/8 levels left

rFire    . . .     SeeInvis .     - Unarmed
rCold    + + .     Gourm    .   (no shield)
rNeg     + + +     Faith    .   a - +0 leather armour
rPois    ∞         Spirit   .   b - +0 helmet
rElec    .         Reflect  .   (no cloak)
rCorr    .         Harm     +   (no gloves)
MR       .....                  (no boots)
Stlth    +.........             r - amulet of harm
HPRegen  0.00/turn              (no ring)
MPRegen  0.11/turn              y - ring of protection from cold

@: rotting
A: rotting body, claws 1, carnivore, cold resistance 1, negative energy
resistance 3, inhibited regeneration, torment resistance, unbreathing
a: Renounce Religion


You were on level 6 of the Dungeon.
You worshipped Kikubaaqudgha.
Kikubaaqudgha was noncommittal.
You were not hungry.

You visited 2 branches of the dungeon, and saw 7 of its levels.

You collected 307 gold pieces.

Inventory:

Missiles
 c - 3 throwing nets (quivered)
Armour
 a - a +0 leather armour (worn)
 b - a +0 helmet (worn)
Jewellery
 m - an uncursed ring of fire
 r - an amulet of harm (around neck)
 y - a ring of protection from cold (right claw)
Wands
 e - a wand of disintegration (6)
 f - a wand of clouds (3)
 l - a wand of paralysis (15)
 t - a wand of random effects (37)
Scrolls
 g - a scroll of amnesia {unknown}
 i - a scroll of fear
 j - 3 scrolls of remove curse
 k - 5 scrolls of teleportation
 n - 6 scrolls of identify
 q - a scroll of blinking {unknown}
 s - 2 scrolls of immolation {unknown}
 v - a scroll of enchant weapon {unknown}
 x - 2 scrolls of fog {unknown}
Potions
 h - 3 potions of brilliance
 o - 2 potions of curing
Comestibles
 d - 10 rations


   Skills:
 + Level 5.3 Fighting
 - Level 1.7 Throwing
 * Level 5.7 Armour
 * Level 6.4 Dodging
 + Level 5.9 Unarmed Combat


You had 8 spell levels left.
You didn't know any spells.
Your spell library was empty.

Dungeon Overview and Level Annotations

Branches:
Dungeon (6/15)             Temple (1/1) D:6

Altars:
Ashenzari
Cheibriados
Elyvilon
Fedhas
Gozag
Hepliaklqana
Kikubaaqudgha
Makhleb
Okawaru
Qazlal
Sif Muna
Vehumet
Wu Jian
Xom
Yredelemnul
Zin
The Shining One


Innate Abilities, Weirdness & Mutations

Your body is rotting away.
You thrive on raw meat.
You are immune to poison.
You have sharp fingernails.
You are carnivorous and can eat meat at any time.
Your flesh is cold resistant. (rC+)
You are immune to negative energy. (rN+++)
You do not regenerate when monsters are visible.
You are immune to unholy pain and torment.
You can survive without breathing.


Message History

You barely miss something. Something hits you. The orc barely misses you.
You scratch something.
You hear some strange, mumbled words.
A puff of flame appears from out of thin air!
The puff of flame hits you! The orc hits you but does no damage.
Something hits you.
* * * LOW HITPOINT WARNING * * *
You completely miss something. The orc barely misses you.
The orc hits you but does no damage. Something hits you but does no damage.
The orc hits you with a war axe!
* * * LOW HITPOINT WARNING * * *
All of the chunks of flesh in your inventory have rotted away.
You hear some strange, mumbled words.
A puff of flame appears from out of thin air!
The puff of flame hits you!
* * * LOW HITPOINT WARNING * * *
A magic dart appears from out of thin air!
The magic dart hits you!
You die...
Kikubaaqudgha rasps: "You have failed me!
Welcome... oblivion!"

####.#......# #.....#.......
#....#....#.# ##o..##.♣.♣.♣.
#.#######...# #.o.##.......
#....#......###### #...##<......
.....#.##........####...##.......
.....#.##...#.......oo...#.♣.♣.♣.
.......##................#.......
.....####.#..............########
......≈≈P♣#.#.##@####...## #.# #.
#####≈P♣≈≈)<..##.# #...####.# ##
#####.P.P♣).≈.P..# #..PP≈.#.####
#.......####.≈PP## #.PP≈≈P#.#...
#.####..#...≈≈≈≈## #P.≈PP.#.#.##
...###..#.##≈♣≈P.## #.P≈P.P#.#.##
........#.##≈P≈...###≈≈♣P≈##.....
#..#.#.......≈♣P...")P≈(...#.#.##
#..#........PP♣≈P.≈.P≈≈P...#.#.##


You could see 2 orcs.

Vanquished Creatures
  Prince Ribbit (D:6)
  The ghost of cultivahabas the Sneak, an amateur OpWz (D:4)
  An orc warrior (D:6)
  A sky beast (D:5)
  An ice beast (D:6)
  4 ogres
  A bullfrog (D:6)
  A scorpion (D:4)
  A howler monkey (D:6)
  2 crimson imps (D:6)
  2 hounds
  A jelly (D:6)
  2 bullfrog skeletons
  An orc wizard (D:4)
  An iguana (D:4)
  A centaur skeleton (D:4)
  Terence (D:3)
  2 worker ants (D:4)
  A hound zombie (D:5)
  4 gnolls
  A howler monkey skeleton (D:6)
  4 adders
  3 oozes
  5 worms
  3 dart slugs
  3 leopard geckos
  10 orcs
  5 giant cockroaches
  7 goblins
  9 hobgoblins
  4 jackals
  8 kobolds
  A quokka (D:3)
  4 ball pythons
  7 bats
  A jackal zombie (D:2)
  8 rats
113 creatures vanquished.

Vanquished Creatures (others)
  4 plants (D:6)
4 creatures vanquished.

Grand Total: 117 creatures vanquished

Notes
Turn   | Place    | Note
-------+----------+-------------------------------------------
     0 | D:1      | Borgoz the Ghoul Gladiator began the quest for the Orb.
     0 | D:1      | Reached XP level 1. HP: 17/17 MP: 0/0
    36 | D:1      | Reached XP level 2. HP: 20/25 MP: 1/1
   284 | D:1      | Reached skill level 1 in Armour
   284 | D:1      | Reached skill level 3 in Dodging
   640 | D:1      | Reached XP level 3. HP: 24/30 MP: 2/2
  1161 | D:3      | Noticed Terence
  1170 | D:3      | Killed Terence
  1170 | D:3      | Reached XP level 4. HP: 25/37 MP: 3/3
  1280 | D:3      | Found a stormy altar of Qazlal.
  1591 | D:2      | Reached XP level 5. HP: 31/44 MP: 4/4
  2696 | D:4      | Noticed an ogre
  2786 | D:4      | Lost intelligence.
  3055 | D:2      | Reached skill level 4 in Dodging
  3225 | D:4      | Reached XP level 6. HP: 45/51 MP: 5/5
  3365 | D:4      | Noticed cultivahabas's ghost (amateur OpWz)
  3391 | D:4      | Killed cultivahabas's ghost
  3391 | D:4      | Reached XP level 7. HP: 43/58 MP: 6/6
  3770 | D:5      | Entered Level 5 of the Dungeon
  3914 | D:5      | Found a shattered altar of Ashenzari.
  3992 | D:5      | Reached skill level 5 in Dodging
  4421 | D:5      | Reached skill level 5 in Unarmed Combat
  4786 | D:6      | Noticed Prince Ribbit
  4801 | D:6      | Killed Prince Ribbit
  4801 | D:6      | Reached XP level 8. HP: 34/67 MP: 7/7
  5128 | D:6      | Reached skill level 5 in Armour
  5256 | D:6      | Found a staircase to the Ecumenical Temple.
  5354 | Temple   | Entered the Ecumenical Temple
  5475 | Temple   | Became a worshipper of Kikubaaqudgha
  5558 | D:6      | Reached skill level 5 in Fighting
  5558 | D:6      | Reached skill level 6 in Dodging
  5840 | D:6      | Reached XP level 9. HP: 47/74 MP: 8/8
  5851 | D:6      | HP: 1/74 [something/puff of flame (7)]
  5852 | D:6      | Killed from afar by an orc wizard

Vault maps used:
D:1:      lightli_arrival_boilingwater
D:2:      dk_noncrumbling_4
D:3:      nicolae_qazlal_general_emergency, uniq_terence
D:4:      cheibrodos_barr_body, serial_corexii_hall, corexii_hall_statues_i,
          corexii_hall_statues_i
D:5:      nicolae_ashenzari_panopticon, first_ration
D:6:      minmay_diamond_boxcup, minmay_temple_entry_fiery, serial_bayou,
          serial_bayou_lagoon_a, serial_bayou_pond_e, serial_bayou_shore_b,
          serial_bayou_shore_b, serial_bayou_pond_d, serial_shops, shop,
          grunt_ministairs_3, uniq_prince_ribbit1
Temple:   nicolae_temple_elliptical

Skill      XL: |  1  2  3  4  5  6  7  8 |
---------------+-------------------------+-----
Armour         | 1 2 3 4 5 |  5.7
Dodging        | 3 4 5 6 |  6.4
Unarmed Combat | 4 5 |  5.9
Fighting       | 3 4 5 |  5.3
Throwing       | |  1.7

Action                   |  1- 3 |  4- 6 |  7- 9 || total
-------------------------+-------+-------+-------++-------
Melee: Unarmed           |    83 |   208 |   172 ||   463
       Punch             |     2 |     1 |     5 ||     8
Evoke: Wand              |       |       |     2 ||     2
  Use: Potion            |       |     7 |       ||     7
       Scroll            |       |     7 |     1 ||     8
 Stab: Sleeping          |       |       |     1 ||     1
  Eat: Chunk             |     5 |    26 |    24 ||    55
Armor: Leather armour    |    23 |    26 |    25 ||    74
Dodge: Dodged            |    51 |   110 |    89 ||   250

Table legend:
 A = Spawn XP
 B = Non-spawn XP
 C = Spawn XP percentage of total XP
 D = Spawn monster count
 E = Non-spawn monster count
 F = Spawn count percentage of total count
 G = Total turns spent on level
                    A         B        C        D         E        F      G
               +---------+---------+-------+---------+---------+-------+---------
         Total |       0 |    2353 |   0.0 |       0 |     113 |   0.0 |  5852
               +---------+---------+-------+---------+---------+-------+---------
           D:1 |       0 |      54 |   0.0 |       0 |      23 |   0.0 |  1017
           D:2 |       0 |      81 |   0.0 |       0 |      21 |   0.0 |   709
           D:3 |       0 |     124 |   0.0 |       0 |      27 |   0.0 |  1027
           D:4 |       0 |     508 |   0.0 |       0 |      12 |   0.0 |  1017
           D:5 |       0 |     307 |   0.0 |       0 |       4 |   0.0 |   990
           D:6 |       0 |    1279 |   0.0 |       0 |      26 |   0.0 |   947
               +---------+---------+-------+---------+---------+-------+---------
